 Dungeon Crawl Stone Soup version 0.28-a0-1143-gcf6077d4cc (webtiles) character file.

Game seed: 6139611448963284129

438 ytrimaz the Shield-Bearer (level 7, -4/56 HPs)
             Began as a Formicid Fighter on Dec 13, 2021.
             Was an Initiate of Ru.
             Slain by an orc warrior (13 damage)
             ... on level 4 of the Dungeon.
             The game lasted 00:06:00 (4331 turns).

ytrimaz the Shield-Bearer (Formicid Fighter)        Turns: 4331, Time: 00:06:00

Health: -4/56      AC: 12    Str: 23    XL:     7   Next: 21%
Magic:  7/7        EV:  6    Int:  7    God:    Ru [......]
Gold:   117        SH:  5    Dex: 10    Spells: 6/6 levels left

rFire   . . .      SeeInvis +   a - +0 war axe (protect)
rCold   + . .      Faith    .   c - +0 buckler
rNeg    . . .      Spirit   .   l - +0 plate armour
rPois   +          Reflect  .   (helmet unavailable)
rElec   .          Harm     .   (no cloak)
rCorr   .          Rampage  .   (no gloves)
Will    .....                   (no boots)
Stlth   ..........              m - amulet of the acrobat
HPRegen 0.18/turn               k - ring of protection from cold
MPRegen 0.10/turn               h - ring of poison resistance

@: no status effects
A: permanent stasis, dig shafts and tunnels, antennae 3, four strong arms
a: Dig, Shaft Self, Renounce Religion


You were on level 4 of the Dungeon.
You worshipped Ru.
Ru was noncommittal.
You visited 2 branches of the dungeon, and saw 5 of its levels.

You collected 117 gold pieces.

Inventory:

Hand Weapons
 a - a +0 war axe of protection (weapon)
 i - a +1 rapier of speed
Armour
 c - a +0 buckler (worn)
 f - a +1 tower shield
 l - a +0 plate armour (worn)
Jewellery
 b - an amulet of faith
 h - a ring of poison resistance (right hand)
 k - a ring of protection from cold (left hand)
 m - an amulet of the acrobat (around neck)
 o - a ring of magical power
Scrolls
 g - 3 scrolls of enchant armour
 q - a scroll of acquirement
Potions
 d - a potion of might
 e - a potion of ambrosia
 j - 2 potions of lignification {unknown}
 n - 3 potions of curing


   Skills:
 * Level 5.0 Fighting
 - Level 0.4 Short Blades
 + Level 4.0 Axes
 * Level 5.2 Armour
 * Level 5.2 Shields


You had 6 spell levels left.
You didn't know any spells.
Your spell library contained the following spells:

 Spells                   Type           Power      Damage    Failure   Level
 Magic Dart               Conj           0%         1d3       100%        1
 Call Imp                 Summ           0%         N/A       100%        2
 Passwall                 Tmut/Erth      0%         N/A       100%        2
 Mephitic Cloud           Conj/Pois/Air  0%         N/A       100%        3
 Swiftness                Air            Unusable   N/A       N/A         3

Dungeon Overview and Level Annotations

Branches:
Dungeon (4/15)             Temple (1/1) D:4

Altars:
Cheibriados
Dithmenos
Elyvilon
Fedhas
Gozag
Hepliaklqana
Kikubaaqudgha
Makhleb
Nemelex Xobeh
Okawaru
Qazlal
Ru
Sif Muna
Trog
Uskayaw
Vehumet
Wu Jian
Xom
Yredelemnul
Zin
The Shining One


Innate Abilities, Weirdness & Mutations

You cannot be hasted, slowed, berserked, paralysed or teleported.
You can dig through walls and to a lower floor.
You have a pair of large antennae on your head. (SInv)
Your four strong arms can wield two-handed weapons with a shield.


Message History

The orc warrior completely misses you. The orc misses you.
Unknown command.
You closely miss the orc warrior. You slash the orc!
Your weapon exudes an aura of protection.
You kill the orc!
You block the orc warrior's attack.
The orc warrior hits you but does no damage.
You closely miss the orc warrior.
The orc warrior hits you with a +0 halberd of protection.
Unknown command.
You hit the orc warrior but do no damage.
The orc warrior hits you with a +0 halberd of protection!
You closely miss the orc warrior.
The orc warrior hits you but does no damage.
The orc warrior barely misses you.
Unknown command.
You hit the orc warrior but do no damage.
The orc warrior hits you but does no damage.
You hit the orc warrior but do no damage.
You block the orc warrior's attack.
Unknown command.
You hit the orc warrior.
The orc warrior is lightly wounded.
The orc warrior hits you but does no damage.
The orc warrior hits you with a +0 halberd of protection.
You hit the orc warrior but do no damage.
The orc warrior is lightly wounded.
The orc warrior hits you with a +0 halberd of protection.
You barely miss the orc warrior.
The orc warrior is lightly wounded.
You block the orc warrior's attack.
Your plate armour prevents you from hitting the orc warrior.
The orc warrior is lightly wounded.
The orc warrior hits you with a +0 halberd of protection!
* * * LOW HITPOINT WARNING * * *
You barely miss the orc warrior.
The orc warrior is lightly wounded.
The orc warrior hits you but does no damage.
The orc warrior hits you with a +0 halberd of protection!
You die...

.....#..####.#######.#..###≈≈##≈.
.....#.....#.##...........##≈#...
>....+...........................
.....##.####.##.####....##.......
#######.# #.##.# #..(.##.#.....
#.# #.##.####....##.#.#... #..
..##...<#.......#.#...
##########.###########.####
......)@..........#.. ..
#...#...o####.....### # #. #....#
###...###### #....#######..#.....
##.......:##.o#.#...
#...#....###.# #.## #...#....#
#.# ##..# ...# #.# #..####.###.#


You could see an orc warrior.

Vanquished Creatures
  2 scorpions (D:3)
  A howler monkey (D:4)
  A hound (D:4)
  A bullfrog zombie (D:4)
  A centaur skeleton (D:4)
  Robin (D:3)
  10 adders
  An ufetubus (D:3)
  An adder skeleton (D:4)
  3 worms
  An orc (D:4)
  8 ball pythons (D:3)
  5 endoplasms
  6 giant cockroaches
  12 goblins
  7 hobgoblins
  6 jackals
  8 kobolds
  A quokka (D:2)
  5 bats
  5 frilled lizards
  6 rats
92 creatures vanquished.

Notes
Turn   | Place    | Note
-------+----------+-------------------------------------------
     0 | D:1      | ytrimaz the Formicid Fighter began the quest for the Orb.
     0 | D:1      | Reached XP level 1. HP: 18/18 MP: 1/1
   158 | D:1      | Reached XP level 2. HP: 21/24 MP: 2/2
   569 | D:1      | Reached XP level 3. HP: 30/30 MP: 3/3
  1278 | D:2      | Reached XP level 4. HP: 23/37 MP: 4/4
  1417 | D:2      | Found a faded altar of an unknown god.
  1992 | D:3      | Noticed a scorpion
  2004 | D:3      | Killed a scorpion
  2005 | D:3      | Reached XP level 5. HP: 19/42 MP: 5/5
  2811 | D:3      | Noticed Robin
  2815 | D:3      | Reached XP level 6. HP: 49/49 MP: 6/6
  2823 | D:3      | Killed Robin
  3093 | D:3      | Identified a scroll of acquirement
  3201 | D:4      | Found a staircase to the Ecumenical Temple.
  3215 | Temple   | Entered the Ecumenical Temple
  3347 | Temple   | Became a worshipper of Ru the Awakened
  3426 | D:4      | Reached skill level 5 in Shields
  3728 | D:4      | Reached skill level 5 in Armour
  3863 | D:4      | Reached XP level 7. HP: 55/55 MP: 7/7
  4226 | D:3      | Reached skill level 5 in Fighting
  4331 | D:4      | Slain by an orc warrior

Illustrated notes

Levels and vault maps discovered:
D:1:      minmay_arrival_open_corners, layout_loops_ring,
          hangedman_decor_slide_cut, dk_noncrumbling_4, st_stairs_12,
          minmay_misc_feat_nine_boxes
D:2:      layout_basic, shapermc_ecumenical_altar_starsandcircs,
          chequers_serial_rivers_micro_d, chequers_arboretum
D:3:      layout_basic, nrook_loot_triangle, minmay_snake_closets, uniq_robin
D:4:      minmay_recursive_quarters, layout_basic, minmay_temple_entry_trees,
          minivault_4, st_stairs_10, chequers_serial_rivers_micro_d,
          roderic_roman_lattice, uniq_crazy_yiuf_cottage
Temple:   compressed_dpeg_circular_temple

Skill      XL: |  1  2  3  4  5  6  7 |
---------------+----------------------+-----
Shields        | 4 5 |  5.2
Armour         | 4 5 |  5.2
Fighting       | 4 5 |  5.0
Axes           | 3 4 |  4.0
Short Blades   | |  0.4

Action                   |  1- 3 |  4- 6 |  7- 9 || total
-------------------------+-------+-------+-------++-------
Melee: War axe           |    63 |   215 |    49 ||   327
       Rapier            |    14 |     8 |       ||    22
  Use: Scroll            |     5 |     8 |       ||    13
Armor: Scale mail        |    28 |       |       ||    28
       Plate armour      |       |   211 |    44 ||   255
Dodge: Dodged            |    41 |   120 |    35 ||   196
Block: Buckler           |    16 |    76 |    15 ||   107

Table legend: (Time is in decaauts)
 A = Elapsed time spent in this place.
 B = Non-inter-level travel time spent in this place.
 C = Inter-level travel time spent in this place.
 D = Time resting spent in this place.
 E = Time spent auto-exploring this place.
 F = Levels seen in this place.
 G = Mean time per level.
                   A        B        C        D        E       F      G
               +--------+--------+--------+--------+--------+-----+--------+
         Total |   4441 |   4350 |     91 |    235 |   3089 |   5 |  888.2 |
       Dungeon |   4285 |   4217 |     68 |    235 |   3008 |   4 | 1071.2 |
        Temple |    156 |    133 |     23 |      0 |     81 |   1 |  156.0 |
               +--------+--------+--------+--------+--------+-----+--------+

Top non-repeatable levels by time:
     D:3: 1751 daAuts
     D:1: 934 daAuts
     D:2: 906 daAuts
     D:4: 693 daAuts
  Temple: 156 daAuts
